 Dungeon Crawl Stone Soup version 0.19.1-1-g22dce08 (webtiles) character file.

3729 novi the Cleaver (level 9, -2/120 (121) HPs)
             Began as a Minotaur Berserker on Jan 16, 2017.
             Was a High Priest of Trog.
             Killed from afar by an electric eel (11 damage)
             ... with a bolt of electricity
             ... on level 8 of the Dungeon on Jan 17, 2017.
             The game lasted 00:19:06 (5957 turns).

novi the Cleaver (Minotaur Berserker)               Turns: 5957, Time: 00:19:07

HP:   -2/120 (121)  AC: 12    Str: 27    XL:     9   Next: 92%
MP:   8/8           EV: 11    Int:  4    God:    Trog [*****.]
Gold: 391           SH: 10    Dex: 19    Spells: 0 memorised, 8 levels left

rFire  x . .     SeeInvis .     C - +0 broad axe
rCold  + . .     Gourm    .     y - +0 chain mail
rNeg   . . .     Faith    .     L - +0 shield (curse)
rPois  .         Spirit   .     (helmet restricted)
rElec  .         Reflect  .     r - +0 cloak
rCorr  .         Harm     .     (no gloves)
MR     .....                    (no boots)
Stlth  ..........               h - amulet of regeneration
                                H - +6 ring of dexterity
                                p - ring of ice

@: berserking, very quick
A: retaliatory headbutt, horns 2
a: Berserk, Trog's Hand, Brothers in Arms, Burn Spellbooks, Renounce Religion


You were on level 8 of the Dungeon.
You worshipped Trog.
Trog was extremely pleased with you.
You were not hungry.

You visited 1 branch of the dungeon, and saw 8 of its levels.

You collected 391 gold pieces.

Inventory:

Hand Weapons
 C - a +0 broad axe (weapon)
Armour
 r - a +0 cloak (worn)
 y - a +0 chain mail (worn)
 L - a cursed +0 shield (worn)
Jewellery
 h - an amulet of regeneration (around neck)
 p - a ring of ice (left hand)
 A - an uncursed ring of ice
 H - a +6 ring of dexterity (right hand)
 I - an uncursed ring of resist corrosion {unknown}
Wands
 b - a wand of polymorph (1/24)
 k - a wand of flame (34/48)
 u - a wand of teleportation (4/9)
 J - a wand of slowing (12/48)
 K - a wand of flame (18/48)
 O - a wand of disintegration (14/24)
Scrolls
 a - 2 scrolls of fear {unknown}
 f - a scroll of immolation {unknown}
 i - 4 scrolls of teleportation {unknown}
 l - 10 scrolls of identify {unknown}
 n - a scroll of enchant weapon {unknown}
 o - a scroll of magic mapping {unknown}
 q - 3 scrolls of remove curse {unknown}
 t - a scroll of recharging {unknown}
 E - a scroll of random uselessness {unknown}
 G - a scroll of fog {unknown}
Potions
 d - 2 potions of agility {unknown}
 e - a potion of might {unknown}
 g - 2 potions of degeneration {unknown}
 j - 2 potions of curing
 m - 3 potions of heal wounds {unknown}
 v - a potion of haste {unknown}
 w - a potion of brilliance {unknown}
 x - a potion of lignification {unknown}
 z - 3 potions of magic {unknown}
 B - a potion of flight {unknown}
 D - a potion of ambrosia {unknown}
 M - a potion of cancellation {unknown}
Comestibles
 c - 4 bread rations
 s - a royal jelly
 F - 2 meat rations
 N - a chunk of flesh


   Skills:
 + Level 8.1 Fighting
 * Level 11.3 Axes
 + Level 7.8 Armour
 + Level 7.3 Dodging
 + Level 2.1 Shields


You had 8 spell levels left.
You didn't know any spells.

Dungeon Overview and Level Annotations

Branches:
Dungeon (8/15)             Temple (0/1) D:6
   Lair: D:8-11

Altars:
Gozag

Shops:
D:7 =


Innate Abilities, Weirdness & Mutations

You reflexively headbutt those who attack you in melee.
You have a pair of horns on your head.


Message History

You are too injured to fight recklessly!
You are too injured to fight recklessly!
You are too injured to fight recklessly!
You feel a strong urge to attack something.
You are too injured to fight recklessly!
You are too injured to fight recklessly!
You are too injured to fight recklessly!
You are too injured to fight recklessly!
You miss the electric eel. You headbutt the electric eel!
The electric eel is almost dead.
You hit the plant. You hit the plant but do no damage. You slash the plant!
You hit the plant.
The electric eel shoots out a bolt of lightning at you!
The bolt of electricity hits you!
* * * LOW HITPOINT WARNING * * *
The bolt of electricity hits you!
* * * LOW HITPOINT WARNING * * *
The electric eel shoots out a bolt of lightning at you!
The bolt of electricity hits the plant.
The bolt of electricity hits you!
You die...

############...# ###..≈≈≈##
#####≈≈.####≈## ##...≈≈##'..##.#
#..#####.....#.# ###'..##.....#.#
#.....#P..≈.#.#
#......#.....#..≈≈(#≈#
+......#.P@PP#....≈#≈#
#######......#[;PP≈#≈≈≈≈≈#≈#
......#......#.%;$.##≈≈≈##≈#
......#......#≈≈?;≈######≈##
......#......##≈≈≈##≈≈...##
......#.......#####≈######
......###'##..'...≈##.......
..............######.........####
.............................#...


You could see 3 electric eels.

Vanquished Creatures
  A troll (D:8)
  Prince Ribbit (D:6)
  2 hippogriffs (D:7)
  A sky beast (D:4)
  2 phantoms
  An ice beast (D:8)
  A necrophage (D:6)
  3 ogres
  2 centaurs (D:7)
  A big kobold (D:8)
  3 bullfrogs (D:6)
  A wyvern zombie (D:6)
  A wyvern skeleton (D:7)
  2 scorpions
  10 wights
  3 electric eels (D:8)
  3 howler monkeys (D:7)
  A crimson imp (D:7)
  2 jellies
  5 hounds
  4 orc priests
  A bullfrog skeleton (D:3)
  8 orc wizards
  Jessica (D:2)
  Terence (D:2)
  An iguana (D:7)
  3 worker ants (D:6)
  A killer bee zombie (D:7)
  A gnoll (D:1)
  7 adders
  2 oozes
  2 adder zombies
  2 adder skeletons (D:5)
  2 worms
  2 dart slugs
  2 leopard geckos (D:1)
  19 orcs
  5 giant cockroaches
  5 goblins
  10 hobgoblins
  15 jackals
  3 quokkas
  3 bats
  3 frilled lizards
  A jackal zombie (D:6)
  19 kobolds
  A quokka skeleton (D:8)
  2 quokka zombies (D:7)
  2 rats (D:1)
  A plant (D:8)
175 creatures vanquished.

Notes
Turn   | Place    | Note
-------+----------+-------------------------------------------
     0 | D:1      | novi the Minotaur Berserker began the quest for the Orb.
     0 | D:1      | Reached XP level 1. HP: 19/19 MP: 0/0
    17 | D:1      | Reached XP level 2. HP: 14/27 MP: 1/1
   549 | D:1      | Reached skill level 4 in Axes
   549 | D:1      | Reached XP level 3. HP: 33/33 MP: 2/2
   713 | D:1      | Reached ** piety under Trog
  1114 | D:2      | Noticed Terence
  1120 | D:2      | Killed Terence
  1120 | D:2      | Reached XP level 4. HP: 40/40 MP: 3/3
  1466 | D:2      | Noticed Jessica
  1477 | D:2      | Killed Jessica
  1704 | D:3      | Reached skill level 5 in Axes
  1704 | D:3      | Reached XP level 5. HP: 42/47 MP: 4/4
  1828 | D:3      | Found a faded altar of an unknown god.
  1852 | D:3      | Reached *** piety under Trog
  2402 | D:4      | Reached XP level 6. HP: 55/55 MP: 5/5
  2472 | D:4      | Found an opulent altar of Gozag.
  2577 | D:4      | Reached skill level 5 in Fighting
  2577 | D:4      | Reached skill level 6 in Axes
  2907 | D:4      | Noticed a sky beast
  2929 | D:4      | Killed a sky beast
  3113 | D:5      | Entered Level 5 of the Dungeon
  3164 | D:5      | Reached XP level 7. HP: 58/61 MP: 6/6
  3339 | D:5      | Reached skill level 7 in Axes
  3448 | D:5      | Reached skill level 5 in Armour
  3581 | D:6      | Reached **** piety under Trog
  3592 | D:6      | Reached skill level 5 in Dodging
  3652 | D:6      | Reached skill level 8 in Axes
  3652 | D:6      | Reached XP level 8. HP: 70/70 MP: 7/7
  3761 | D:6      | Noticed Prince Ribbit
  3792 | D:6      | Killed Prince Ribbit
  3868 | D:6      | Reached skill level 9 in Axes
  4127 | D:6      | Found a staircase to the Ecumenical Temple.
  4665 | D:7      | Noticed a hippogriff
  4671 | D:7      | Killed a hippogriff
  4671 | D:7      | Reached XP level 9. HP: 78/78 MP: 8/8
  4721 | D:7      | Reached skill level 10 in Axes
  4803 | D:7      | Found Rophupiac's Jewellery Shop.
  5515 | D:8      | Reached ***** piety under Trog
  5515 | D:8      | Reached skill level 11 in Axes
  5515 | D:8      | Reached skill level 1 in Shields
  5756 | D:8      | Noticed a troll
  5764 | D:8      | Killed a troll
  5957 | D:8      | Killed from afar by an electric eel

Skill      XL: |  1  2  3  4  5  6  7  8  9 |
---------------+----------------------------+-----
Armour         | 3 4 5 6 7 |  7.8
Axes           | 4 5 6 8 9 11 | 11.3
Fighting       | 4 5 6 7 8 |  8.1
Dodging        | 3 4 5 6 7 |  7.3
Shields        | 2 |  2.1

Action                   |  1- 3 |  4- 6 |  7- 9 || total
-------------------------+-------+-------+-------++-------
Melee: Hand axe          |    76 |   106 |     3 ||   185
       Headbutt          |    10 |    11 |    61 ||    82
       Unarmed           |       |     7 |       ||     7
       Broad axe         |       |       |   233 ||   233
Invok: Berserk           |     2 |     2 |     4 ||     8
       Burn Spellbooks   |       |       |     1 ||     1
  Eat: Chunk             |     2 |     6 |     4 ||    12
       Meat ration       |       |     1 |       ||     1
       Fruit             |       |       |     2 ||     2
       Bread ration      |       |       |     2 ||     2
Armor: Animal skin       |     1 |       |       ||     1
       Ring mail         |    15 |    36 |    25 ||    76
       Chain mail        |       |       |    73 ||    73
Dodge: Dodged            |    40 |    65 |   137 ||   242
Block: Shield            |       |       |    12 ||    12
